 Dungeon Crawl Stone Soup version 0.27-a0-760-gc38aae387d (webtiles) character file.

Game seed: 12149391547336296761

149 Lanoc the Chopper (level 5, -19/47 HPs)
             Began as a Hill Orc Fighter on Mar 25, 2021.
             Blown up by Ijyb (30 damage)
             ... with a mindburst bolt
             ... on level 3 of the Dungeon.
             The game lasted 00:02:42 (2595 turns).

Lanoc the Chopper (Hill Orc Fighter)                Turns: 2595, Time: 00:02:42

Health: -19/47     AC:  7    Str: 19    XL:     5   Next: 31%
Magic:  5/5        EV:  7    Int:  8    God:
Gold:   64         SH:  9    Dex: 11    Spells: 4/4 levels left

rFire    . . .     SeeInvis .   a - +0 war axe
rCold    . . .     Faith    .   c - +0 kite shield
rNeg     . . .     Spirit   .   b - +0 scale mail
rPois    .         Reflect  .   (no helmet)
rElec    .         Harm     .   (no cloak)
rCorr    .         Rampage  .   (no gloves)
Will     .....                  (no boots)
Stlth    ..........             (no amulet)
HPRegen  0.15/turn              (no ring)
MPRegen  0.09/turn              (no ring)

@: mighty
A: no striking features
a: no special abilities


You were on level 3 of the Dungeon.
You visited 1 branch of the dungeon, and saw 3 of its levels.

You collected 64 gold pieces.

Inventory:

Hand Weapons
 a - a +0 war axe (weapon)
Armour
 b - a +0 scale mail (worn)
 c - a +0 kite shield (worn)
Scrolls
 e - a scroll of identify {unknown}
 g - 3 scrolls of teleportation {unknown}
 i - a scroll of fog {unknown}
 j - a scroll of amnesia {unknown}
Potions
 f - 2 potions of curing
 h - a potion of attraction {unknown}


   Skills:
 + Level 4.5 Fighting
 * Level 5.0 Axes
 + Level 4.1 Armour
 - Level 4.0 Shields


You had 4 spell levels left.
You didn't know any spells.
Your spell library was empty.

Dungeon Overview and Level Annotations

Branches:
Dungeon (3/15)

Altars:
Ru
Yredelemnul

Shops:
D:3 [

Annotations:
D:3 Ijyb


Message History

There is an open door here.
You open the large door.
A jackal and a goblin come into view.
The jackal barks!
The goblin shouts!
You hear a shout!
Ijyb the Twisted Goblin comes into view.
She is wielding a +0 club and carrying a wand of mindburst (13).
The jackal moves out of view.
A goblin comes into view. It is wielding a +0 dagger.
The goblin shouts!
There is a large open door here.
You slash the jackal!
You kill the jackal!
You closely miss the goblin. You block the goblin's attack.
The goblin hits you with a +0 club. You block Ijyb's attack.
You hit Ijyb.
Ijyb is lightly wounded.
You slash the goblin!
You kill the goblin!
You miss the goblin. You block the goblin's attack.
Ijyb hits you with a +0 club. The goblin hits you but does no damage.
You hit Ijyb.
Ijyb is moderately wounded.
You hit the goblin.
Ijyb zaps a wand.
Your mind is blasted!
Ouch! That really hurt!
* * * LOW HITPOINT WARNING * * *
The goblin completely misses you. You block Ijyb's attack.
You feel very mighty all of a sudden. The goblin barely misses you.
Ijyb hits you but does no damage.
You barely miss Ijyb.
Ijyb is moderately wounded.
You barely miss the goblin. The goblin barely misses you.
Ijyb hits you but does no damage.
You hit Ijyb but do no damage.
Ijyb is moderately wounded.
You slash the goblin!
You kill the goblin!
Ijyb zaps a wand.
Your mind is blasted!
* * * LOW HITPOINT WARNING * * *
Ijyb zaps a wand.
Your mind is blasted!
Ouch! That really hurt!
You die...

#..≈≈ #. # #..≈≈##.
##+##..+ +g.≈≈≈#.
#...#..# #..≈≈≈#.
#...#..#########≈≈.
#...#..........#≈≈.
#...#..........'...
#)g.#......)...'..[
#†@.#..........'...
#)..#..........#≈≈#
#''##..#########≈≈#
#......#...#..≈≈≈##
#......'...)..≈≈≈#
#......#...#..≈≈##
#################


You could see Ijyb.

Vanquished Creatures
  2 orc wizards (D:3)
  3 adders
  4 dart slugs
  An orc (D:3)
  6 ball pythons
  6 bats
  2 endoplasms (D:1)
  2 giant cockroaches
  11 goblins
  2 hobgoblins (D:2)
  9 jackals
  A quokka (D:2)
  2 frilled lizards (D:1)
  6 kobolds
  5 rats
62 creatures vanquished.

Vanquished Creatures (others)
  A withered plant (D:3)
1 creature vanquished.

Grand Total: 63 creatures vanquished

Notes
Turn   | Place    | Note
-------+----------+-------------------------------------------
     0 | D:1      | Lanoc the Hill Orc Fighter began the quest for the Orb.
     0 | D:1      | Reached XP level 1. HP: 19/19 MP: 1/1
    50 | D:1      | Reached skill level 3 in Axes
   136 | D:1      | Reached XP level 2. HP: 21/27 MP: 2/2
   794 | D:1      | Reached XP level 3. HP: 33/33 MP: 3/3
  1196 | D:2      | Found a sacrificial altar of Ru.
  1395 | D:2      | Reached skill level 4 in Axes
  1488 | D:2      | Reached XP level 4. HP: 29/40 MP: 4/4
  1583 | D:2      | You fall into a shaft and drop 1 floor!
  1614 | D:3      | Found a basalt altar of Yredelemnul.
  1656 | D:3      | Reached XP level 5. HP: 12/47 MP: 5/5
  1659 | D:3      | Found Tiffaji's Armour Emporium.
  1891 | D:3      | Found a sacrificial altar of Ru.
  2577 | D:3      | Reached skill level 5 in Axes
  2586 | D:3      | Noticed Ijyb
  2595 | D:3      | Blown up by Ijyb

Illustrated notes

Levels and vault maps discovered:
D:1:      minmay_arrival_glassed_features, layout_loops_corners,
          minmay_tetromino_l2
D:2:      layout_loops_cross, nicolae_overflow_crystal_walls,
          minmay_crystal_room, minmay_misc_feat_chi
D:3:      kennysheep_goblin_castle, layout_loops_ring,
          yredelemnul_altar_generic, serial_shops, shop_fountains,
          kennysheep_path_1, grunt_ministairs_3, chequers_serial_rivers_micro_c,
          minmay_misc_feat_iff, nicolae_ru_awakened_eye

Skill      XL: |  1  2  3  4  5 |
---------------+----------------+-----
Axes           | 3 4 5 |  5.0
Fighting       | 4 |  4.5
Armour         | 4 |  4.1
Shields        | 4 |  4.0

Action                   |  1- 3 |  4- 6 || total
-------------------------+-------+-------++-------
Melee: War axe           |    81 |    72 ||   153
  Use: Potion            |       |     3 ||     3
Armor: Scale mail        |    45 |    43 ||    88
Dodge: Dodged            |    23 |    26 ||    49
Block: Kite shield       |    43 |    45 ||    88

Table legend: (Time is in decaauts)
 A = Elapsed time spent in this place.
 B = Non-inter-level travel time spent in this place.
 C = Inter-level travel time spent in this place.
 D = Time resting spent in this place.
 E = Time spent auto-exploring this place.
 F = Levels seen in this place.
 G = Mean time per level.
                   A        B        C        D        E       F      G
               +--------+--------+--------+--------+--------+-----+--------+
         Total |   2673 |   2625 |     48 |      0 |   2222 |   3 |  891.0 |
       Dungeon |   2673 |   2625 |     48 |      0 |   2222 |   3 |  891.0 |
               +--------+--------+--------+--------+--------+-----+--------+

Top non-repeatable levels by time:
     D:1: 1159 daAuts
     D:3: 1046 daAuts
     D:2: 468 daAuts
